 Dungeon Crawl Stone Soup version 0.27-a0-1434-g6f15984924 (webtiles) character file.

Game seed: 10764642565917507489

0 Gargoyl the Skirmisher (level 1, -10/23 HPs)
             Began as a Gnoll Abyssal Knight on July 3, 2021.
             Was a Follower of Lugonu.
             Mangled by a tentacled starspawn (11 damage)
             ... on level 1 of the Abyss.
             The game lasted 00:00:29 (163 turns).

Gargoyl the Skirmisher (Gnoll Abyssal Knight)        Turns: 163, Time: 00:00:29

Health: -10/23     AC:  3    Str: 11      XL:     1   Next: 0%
Magic:  3/3        EV: 11    Int: 11      God:    Lugonu [*.....]
Gold:   12         SH:  0    Dex: 10 (11) Spells: 0/0 levels left

rFire    . . .     SeeInvis .   a - +1 hand axe
rCold    . . .     Faith    .   (no shield)
rNeg     . . .     Spirit   .   b - +0 leather armour
rPois    .         Reflect  .   (no helmet)
rElec    .         Harm     .   (no cloak)
rCorr    .         Rampage  .   (no gloves)
Will     .....                  (no boots)
Stlth    +.........             (no amulet)
HPRegen  0.07/turn              (no ring)
MPRegen  0.08/turn              (no ring)

@: no status effects
A: fangs 1, strong nose, distributed training
a: Renounce Religion, Depart the Abyss


You were on level 1 of the Abyss.
You worshipped Lugonu.
Lugonu was aware of your devotion.
You visited 0 branches of the dungeon, and saw 0 of its levels.
You visited the Abyss 1 time.

You collected 12 gold pieces.

Inventory:

Hand Weapons
 a - a +1 hand axe (weapon)
Armour
 b - a +0 leather armour (worn)


   Skills:
 + Level 6.4 Fighting
 + Level 0.0 Short Blades
 + Level 0.0 Long Blades
 + Level 4.4 Axes
 + Level 0.0 Maces & Flails
 + Level 0.0 Polearms
 + Level 0.0 Staves
 + Level 0.0 Slings
 + Level 0.0 Bows
 + Level 0.0 Crossbows
 + Level 0.0 Throwing
 + Level 4.4 Armour
 + Level 2.3 Dodging
 + Level 0.0 Stealth
 + Level 0.0 Shields
 + Level 0.0 Unarmed Combat
 + Level 0.0 Spellcasting
 + Level 0.0 Conjurations
 + Level 0.0 Hexes
 + Level 0.0 Summonings
 + Level 0.0 Necromancy
 + Level 0.0 Translocations
 + Level 0.0 Transmutations
 + Level 0.0 Fire Magic
 + Level 0.0 Ice Magic
 + Level 0.0 Air Magic
 + Level 0.0 Earth Magic
 + Level 0.0 Poison Magic
 + Level 4.4 Invocations
 + Level 0.0 Evocations


You couldn't memorise any spells.
You didn't know any spells.
Your spell library was empty.

Dungeon Overview and Level Annotations

Branches:
Dungeon (0/15)

Altars:


Innate Abilities, Weirdness & Mutations

You have very sharp teeth.
Your uncanny sense of smell can sniff out nearby items.
Your experience applies equally to all skills.


Message History

A chaos spawn comes into view.
A quasit comes into view.
Found 23 bolts.
Found 17 gold pieces.
The quasit misses you.
The quasit claws you but does no damage.
The quasit completely misses you.
You see here 23 bolts.
The quasit bites you. The quasit barely misses you. The quasit claws you.
The quasit bites you but does no damage.
The quasit closely misses you. The quasit barely misses you.
The chaos spawn ululates chillingly with its many mouths.
The quasit closely misses you. x2; The quasit barely misses you.
The quasit bites you but does no damage.
The quasit barely misses you. The quasit claws you.
You feel clumsy.
A tentacled starspawn comes into view.
The quasit closely misses you. The quasit barely misses you.
The quasit closely misses you.
Tentacles burst from the starspawn's body! 2 starspawn tentacles come into view.
The starspawn tentacle closely misses you.
The starspawn tentacle grabs you. The starspawn tentacle constricts you.
You escape the starspawn tentacle's grasp.
The starspawn tentacle grabs you. The starspawn tentacle constricts you.
You escape the starspawn tentacle's grasp.
A tentacle flies out from the starspawn's body!
A starspawn tentacle comes into view.
A tentacle flies out from the starspawn's body!
A starspawn tentacle comes into view.
A starspawn tentacle comes into view.
You hit the tentacled starspawn but do no damage.
The tentacled starspawn closely misses you.
The tentacled starspawn tentacle-slaps you!
You slash the tentacled starspawn!
The tentacled starspawn is lightly damaged.
The tentacled starspawn bites you!
* * * LOW HITPOINT WARNING * * *
The tentacled starspawn tentacle-slaps you!
You die...

#..w##
... .
##.###
..
###X##
# ##
#...#
.# ∆
###Xw#
##..###
#..w##
####X##
#.@#
#### #
.


You could see a tentacled starspawn and a starspawn tentacle.

Vanquished Creatures (others)
  5 starspawn tentacles (Abyss:1)
5 creatures vanquished.

Notes
Turn   | Place    | Note
-------+----------+-------------------------------------------
     0 | Abyss:1  | Gargoyl the Gnoll Abyssal Knight began the quest for the
                  | Orb.
     0 | Abyss:1  | Reached XP level 1. HP: 23/23 MP: 3/3
    46 | Abyss:1  | Found a blossoming altar of Fedhas.
    80 | Abyss:1  | Noticed a dire elephant zombie
    98 | Abyss:1  | Noticed a chaos spawn
   114 | Abyss:1  | Noticed a quasit
   136 | Abyss:1  | Noticed a tentacled starspawn
   163 | Abyss:1  | HP: 1/23 [tentacled starspawn (9)]
   163 | Abyss:1  | Mangled by a tentacled starspawn

Illustrated notes

Levels and vault maps discovered:
Abyss:1:  base: Temple, base:
Temple

Action                   || total
-------------------------++-------
Melee: Hand axe          ||     2
Armor: Leather armour    ||     3
Dodge: Dodged            ||    14

Table legend: (Time is in decaauts)
 A = Elapsed time spent in this place.
 B = Non-inter-level travel time spent in this place.
 C = Inter-level travel time spent in this place.
 D = Time resting spent in this place.
 E = Time spent auto-exploring this place.
 F = Levels seen in this place.
 G = Mean time per level.
                   A        B        C        D        E       F      G
               +--------+--------+--------+--------+--------+-----+--------+
         Total |    163 |    163 |      0 |      0 |     80 |   1 |  163.0 |
         Abyss |    163 |    163 |      0 |      0 |     80 |   1 |  163.0 |
               +--------+--------+--------+--------+--------+-----+--------+

Top non-repeatable levels by time:
 Abyss:1: 163 daAuts
